 Dungeon Crawl Stone Soup version 0.30.1-3-gfc49f6343a (webtiles) character file.

Game seed: 954656712308407734

63 Cheops the Ruffian (level 3, 0/36 HPs)
             Began as a Troll Fighter on July 23, 2023.
             Slain by an orc priest
             ... wielding a +0 whip
              (4 damage)
             ... on level 4 of the Dungeon.
             The game lasted 00:03:06 (1906 turns).

Cheops the Ruffian (Troll Fighter)                  Turns: 1906, Time: 00:03:07

Health: 0/36       AC:  4    Str: 24    XL:     3   Next: 87%
Magic:  2/2        EV:  8    Int:  6    God:
Gold:   112        SH:  7    Dex:  9    Spells: 2/2 levels left

rFire   . .          .
                       - Unarmed
rCold   . . .        b - +0 kite shield
rNeg    . . .        a - +0 robe
rPois   .            (helmet restricted)
rElec   .            (no cloak)
rCorr   .            (gloves unavailable)
SInv    .            (boots unavailable)
Will    .....        (no amulet)
Stlth   +            (no ring)
HPRegen 1.06/turn    (no ring)
MPRegen 0.08/turn

%: no passive effects
@: no status effects
A: large, unfitting armour, claws 3, regeneration 1, shaggy fur 1, tough skin 1
a: no special abilities


You were on level 4 of the Dungeon.
You visited 1 branch of the dungeon, and saw 4 of its levels.

You collected 112 gold pieces.

Inventory:

Hand Weapons
 s - a +0 war axe of flaming
Armour
 a - a +0 robe (worn)
 b - a +0 kite shield (worn)
Jewellery
 e - a ring of wizardry
 h - an amulet of guardian spirit
 o - a ring of wizardry
Scrolls
 f - 4 scrolls of identify {unknown}
 i - 2 scrolls of teleportation {unknown}
 j - a scroll of silence {unknown}
 l - a scroll of enchant weapon {unknown}
 n - a scroll of brand weapon {unknown}
 p - a scroll of blinking {unknown}
 q - a scroll of magic mapping {unknown}
 r - a scroll of poison {unknown}
Potions
 c - a potion of might
 d - a potion of resistance {unknown}
 g - 3 potions of mutation {unknown}
 k - 2 potions of attraction {unknown}
 m - a potion of heal wounds {unknown}
 t - a potion of brilliance {unknown}


   Skills:
 + Level 2.9 Fighting
 - Level 2.4 Dodging
 + Level 3.2 Shields
 * Level 3.3 Unarmed Combat


You had 2 spell levels left.
You didn't know any spells.
Your spell library contained the following spells:

 Spells                   Type           Power      Damage    Failure   Level
 Summon Small Mammal      Summ           0%         N/A       71%         1
 Call Canine Familiar     Summ           0%         N/A       97%         3
 Frozen Ramparts          Ice            0%         1d1       97%         3
 Summon Guardian Golem    Hex/Summ       0%         N/A       97%         3
 Ice Form                 Ice/Tmut       0%         N/A       100%        4
 Summon Ice Beast         Ice/Summ       0%         N/A       100%        4


Dungeon Overview and Level Annotations

Branches:
Dungeon (4/15)
 Temple: D:4-7

Altars:


Innate Abilities, Weirdness & Mutations

You are too large for most types of armour.
You have claws for hands.
Your natural rate of healing is unusually fast.
You are covered in fur. (AC +1)
You have tough skin. (AC +1)


Message History

You scratch the orc priest.
The orc priest is moderately wounded.
The orc priest hits you with a +0 whip.
* * * LOW HITPOINT WARNING * * *
Something hits you.
* * * LOW HITPOINT WARNING * * *
The orc closely misses you.
You scratch the orc priest but do no damage.
The orc priest is moderately wounded.
You hear some strange, mumbled words.
A magic dart appears from out of thin air!
The magic dart hits you.
* * * LOW HITPOINT WARNING * * *
The orc priest closely misses you. The orc hits you but does no damage.
You barely miss the orc priest.
The orc priest is moderately wounded.
The orc priest closely misses you. Something hits you but does no damage.
You block the orc's attack.
You closely miss the orc priest.
The orc priest is moderately wounded.
You block something's attack. The orc priest closely misses you.
The orc hits you with a +0 club.
* * * LOW HITPOINT WARNING * * *
You scratch the orc priest.
The orc priest is severely wounded.
Something hits you.
* * * LOW HITPOINT WARNING * * *
The orc hits you with a +0 club.
* * * LOW HITPOINT WARNING * * *
The orc priest hits you with a +0 whip.
* * * LOW HITPOINT WARNING * * *
You scratch the orc priest.
The orc priest is almost dead.
The orc hits you but does no damage. You block the orc priest's attack.
Something hits you.
* * * LOW HITPOINT WARNING * * *
You scratch the orc priest.
The orc priest is almost dead.
The orc priest hits you with a +0 whip.
You die...

..........##
#........^.#
#......)...#
#........?.#
#..........#
#..........#
#o.o.....#
#@{....#
########


You could see an orc priest and an orc.

Vanquished Creatures
  An iguana (D:2)
  An adder (D:2)
  A dart slug (D:3)
  An orc (D:4)
  4 bats
  An endoplasm (D:1)
  2 giant cockroaches
  2 goblins
  3 hobgoblins
  2 quokkas (D:1)
  2 ball pythons
  A frilled lizard (D:2)
  2 kobolds (D:1)
  2 rats
25 creatures vanquished.

Notes
Turn   | Place    | Note
-------+----------+-------------------------------------------
     0 | D:1      | Cheops the Troll Fighter began the quest for the Orb.
     0 | D:1      | Reached XP level 1. HP: 22/22 MP: 0/0
   413 | D:1      | Reached XP level 2. HP: 29/29 MP: 1/1
  1371 | D:2      | Reached XP level 3. HP: 30/36 MP: 2/2
  1906 | D:4      | Slain by an orc priest

Illustrated notes

Levels and vault maps discovered:
D:1:      lightli_arrival_noodles, layout_basic, minmay_misc_feat_five
D:2:      layout_basic
D:3:      layout_basic, gammafunk_temple_overflow_claw,
          hellmonk_ecumenical_altar_prayer_group
D:4:      cheibrodos_old_hovel, layout_rooms, nicolae_elyvilon_peaceful_grove,
          uniq_edmund, uniq_ijyb, uniq_sigmund

Skill      XL: |  1  2 |
---------------+-------+-----
Shields        | 3 |  3.2
Unarmed Combat | 3 |  3.3
Fighting       | |  2.9
Dodging        | |  2.4

Action                     || total
---------------------------++-------
  Melee: Unarmed           ||    85
 Armour: Robe              ||    32
  Dodge: Dodged            ||    27
  Block: Kite shield       ||    33
